 Dungeon Crawl Stone Soup version 0.23-a0-183-gf37f6fb109 (webtiles) character file.

572 Askman the Chopper (level 7, -4/62 HPs)
             Began as a Minotaur Fighter on Sept 21, 2018.
             Slain by Menkaure (19 damage)
             ... on level 4 of the Dungeon.
             The game lasted 00:22:47 (2473 turns).

Askman the Chopper (Minotaur Fighter)               Turns: 2473, Time: 00:22:48

Health: -4/62      AC: 12    Str: 29    XL:     7   Next: 12%
Magic:  6/6        EV:  5    Int:  5    God:
Gold:   171        SH: 10    Dex:  9    Spells: 6/6 levels left

rFire    . . .     SeeInvis .   a - +2 war axe (chop)
rCold    . . .     Gourm    .   c - +0 shield
rNeg     . . .     Faith    .   u - +0 plate armour
rPois    .         Spirit   .   (helmet restricted)
rElec    .         Reflect  .   (no cloak)
rCorr    .         Harm     .   (no gloves)
MR       .....                  (no boots)
Stlth    ..........             (no amulet)
HPRegen  0.20/turn              g - +6 ring of strength
MPRegen  0.10/turn              (no ring)

@: no status effects
A: retaliatory headbutt, horns 2
a: no special abilities


You were on level 4 of the Dungeon.
You were not hungry.

You visited 1 branch of the dungeon, and saw 4 of its levels.

You collected 171 gold pieces.

Inventory:

Hand Weapons
 a - a +2 war axe of chopping (weapon)
   (You found it on level 3 of the Dungeon)
Armour
 c - a +0 shield (worn)
 j - a +0 chain mail
   (You found it on level 1 of the Dungeon)
 u - a +0 plate armour (worn)
   (You took it off an orc warrior on level 3 of the Dungeon)
Jewellery
 g - a +6 ring of strength (left hand)
   (You found it on level 1 of the Dungeon)
Scrolls
 i - 3 scrolls of identify {unknown}
 k - a scroll of magic mapping {unknown}
 l - 3 scrolls of remove curse {@r2}
 n - 2 scrolls of enchant weapon {unknown}
 p - a scroll of teleportation {unknown}
 r - 2 scrolls of enchant armour {unknown}
 t - 2 scrolls of random uselessness {unknown}
 v - a scroll of amnesia {unknown}
Potions
 d - a potion of might
 f - 2 potions of curing {unknown}
 h - a potion of lignification {unknown}
 m - a potion of berserk rage {unknown}
 o - a potion of resistance {unknown}
 q - a potion of haste {unknown}
 s - 2 potions of heal wounds {unknown}
Comestibles
 e - 6 rations {!d}


   Skills:
 + Level 5.8 Fighting
 * Level 6.9 Axes
 + Level 5.8 Armour
 - Level 3.6 Shields


You had 6 spell levels left.
You didn't know any spells.
Your spell library was empty.

Dungeon Overview and Level Annotations

Branches:
Dungeon (4/15)
 Temple: D:4-7

Altars:
Yredelemnul

Annotations:
D:4 Eustachio, Menkaure


Innate Abilities, Weirdness & Mutations

You reflexively headbutt those who attack you in melee.
You have a pair of horns on your head.


Message History

Eustachio convulses!
The ooze convulses!
Eustachio casts a spell.
Eustachio blinks!
You are too injured to fight recklessly!
You are too injured to fight recklessly!
You slash the ooze!
You kill the ooze!
You hit the crimson imp. You block the crimson imp's attack.
You hit the crimson imp. You slash the quasit!
A quokka comes into view.
The quasit bites you but does no damage.
The quasit claws you but does no damage. x2
The crimson imp hits you but does no damage.
The quasit closely misses you. You furiously retaliate!
You headbutt the quasit!
You kill the quasit!
Menkaure casts a spell.
Menkaure seems to speed up.
You barely miss the crimson imp.
Your shield prevents you from hitting the quasit.
The quasit bites you but does no damage.
The quasit claws you but does no damage. x2
The crimson imp hits you.
* * * LOW HITPOINT WARNING * * *
Eustachio casts a spell.
Eustachio blinks!
You hit Eustachio. You hit the crimson imp. You miss the quasit.
The quasit bites you but does no damage.
The quasit claws you but does no damage. x2
Eustachio casts a spell.
Eustachio blinks!
The crimson imp hits you but does no damage.
You block the quasit's attack. x3; The crimson imp hits you.
* * * LOW HITPOINT WARNING * * *
You slash the quasit! You slash the crimson imp!
You kill the crimson imp!
The quasit bites you.
* * * LOW HITPOINT WARNING * * *
You block the quasit's attack.
The quasit claws you but does no damage.
Menkaure points at you and mumbles some strange words.
You struggle to resist.
The quasit bites you but does no damage.
You block the quasit's attack.
The quasit claws you but does no damage.
You miss the quokka. Your headbutt misses the quokka. You hit the quasit.
You kill the quasit!
The quokka bites you but does no damage.
Menkaure hits you!!
You die...

#....... ...... ..
..##....... #......
>.#.........# .......
.#.........##....... #
................... #.
#. #...............
.##..#.##....)..........
#......§...............[
?...?..@............###.
.......rM........##.....
.....@...$....#..###....
.........†....#.[#...##.
.........)###.#....####.
..........# ..#.##.# #.
..........# #.#.##.# #.
≈≈≈≈....... #.#.[..# ##
≈≈≈8..#[.. .###..# #


You could see Eustachio, Menkaure and a quokka.

Vanquished Creatures
  An orc warrior (D:3)
  An ogre (D:4)
  A howler monkey (D:4)
  4 orc priests
  An orc wizard (D:3)
  A worker ant (D:2)
  6 gnolls
  5 adders
  An ooze (D:4)
  2 adder skeletons
  3 worms
  A dart slug (D:2)
  8 orcs
  A giant cockroach (D:4)
  4 goblins
  10 hobgoblins
  2 jackals (D:2)
  4 bats
  4 frilled lizards
  2 gnoll zombies (D:2)
  2 kobolds
  2 quokka skeletons (D:4)
  5 rats
71 creatures vanquished.

Notes
Turn   | Place    | Note
-------+----------+-------------------------------------------
     0 | D:1      | Askman the Minotaur Fighter began the quest for the Orb.
     0 | D:1      | Reached XP level 1. HP: 19/19 MP: 0/0
   159 | D:1      | Reached skill level 3 in Axes
   159 | D:1      | Reached XP level 2. HP: 24/27 MP: 1/1
   563 | D:2      | Reached XP level 3. HP: 18/33 MP: 2/2
   900 | D:2      | Reached skill level 4 in Axes
   922 | D:2      | Reached XP level 4. HP: 40/40 MP: 3/3
  1494 | D:2      | Found a basalt altar of Yredelemnul.
  1635 | D:3      | Reached XP level 5. HP: 47/47 MP: 4/4
  1644 | D:3      | Reached skill level 5 in Axes
  1723 | D:3      | Reached skill level 5 in Fighting
  1723 | D:3      | Reached skill level 5 in Armour
  1846 | D:3      | Found a faded altar of an unknown god.
  1895 | D:3      | Noticed an orc warrior
  1899 | D:3      | Killed an orc warrior
  1899 | D:3      | Reached XP level 6. HP: 52/56 MP: 5/5
  1900 | D:3      | Reached skill level 6 in Axes
  2450 | D:4      | Noticed Eustachio
  2451 | D:4      | Reached XP level 7. HP: 46/62 MP: 6/6
  2466 | D:4      | Noticed Menkaure
  2473 | D:4      | Slain by Menkaure

Vault maps used:
D:1:      zelgadis_glass_arrival_small, minmay_split_cup_small
D:2:      lemuel_zombie_altar_yredelemnul
D:3:      first_ration, chequers_ecumenical_altar_simple
D:4:      serial_park_tiny_pond, uniq_eustachio, uniq_menkaure

Skill      XL: |  1  2  3  4  5  6 |
---------------+-------------------+-----
Axes           | 3 4 5 6 |  6.9
Armour         | 4 5 |  5.8
Fighting       | 4 5 |  5.8
Shields        | |  3.6

Action                   |  1- 3 |  4- 6 |  7- 9 || total
-------------------------+-------+-------+-------++-------
Melee: War axe           |    61 |    73 |    18 ||   152
       Headbutt          |    10 |    16 |     1 ||    27
  Use: Scroll            |       |     1 |       ||     1
       Potion            |       |     1 |       ||     1
  Eat: Chunk             |       |     5 |       ||     5
Armor: Scale mail        |    11 |       |       ||    11
       Chain mail        |    23 |    22 |       ||    45
       Plate armour      |       |     7 |    26 ||    33
Dodge: Dodged            |    15 |    15 |     4 ||    34
Block: Shield            |    26 |    31 |    14 ||    71

Table legend:
 A = Non-vault XP
 B = Vault XP
 C = Vault XP percentage of total XP
 D = Non-vault monster count
 E = Vault monster count
 F = Vault count percentage of total count
                 A         B        C        D         E       F
            +---------+---------+-------+---------+---------+-------
      Total |     812 |       6 |   0.7 |      66 |       5 |   7.0
            +---------+---------+-------+---------+---------+-------
        D:1 |      14 |       4 |  22.2 |       9 |       3 |  25.0
        D:2 |     168 |       2 |   1.2 |      23 |       2 |   8.0
        D:3 |     324 |       0 |   0.0 |      19 |       0 |   0.0
        D:4 |     306 |       0 |   0.0 |      15 |       0 |   0.0
            +---------+---------+-------+---------+---------+-------
